 Dungeon Crawl Stone Soup version 0.32-a0-468-g38b2580584 (webtiles) character file.

Game seed: 2289750220291780191

9 Khashishi the Trooper (level 2, -1/24 HPs)
             Began as a Mummy Monk on Feb 25, 2024.
             Slain by a hobgoblin (2 damage)
             ... on level 2 of the Dungeon.
             The game lasted 00:01:38 (123 turns).

Khashishi the Trooper (Mummy Monk)                   Turns: 123, Time: 00:01:38

Health: -1/24      AC:  2    Str: 14    XL:     2   Next: 3%
Magic:  2/2        EV: 12    Int:  9    God:
Gold:   20         SH:  0    Dex: 14    Spells: 1/1 levels left

rFire   x . .        a - +0 hand axe
rCold   + . .        c - orb {light}
rNeg    + + +        b - +0 robe
rPois   ∞            (no helmet)
rElec   .            (no cloak)
rCorr   .            (no gloves)
SInv    .            (no boots)
Will    .....        (no amulet)
Stlth   +            (no ring)
HPRegen 0.24/turn    (no ring)
MPRegen 0.08/turn

%: faith
@: glowing
A: cold resistance 1, negative energy resistance 3, torment resistance 2, heat
vulnerability 1, in touch with death 1, no potions, faith
a: no special abilities


You were on level 2 of the Dungeon.
You visited 1 branch of the dungeon, and saw 3 of its levels.

You collected 20 gold pieces.

Inventory:

Hand Weapons
 a - a +0 hand axe (weapon)
Armour
 b - a +0 robe (worn)
 c - an orb of light (worn)
Scrolls
 d - a scroll of revelation {unknown}
 e - a scroll of vulnerability {unknown}


   Skills:
 + Level 3.2 Fighting
 + Level 2.6 Axes
 + Level 2.6 Dodging


You had one spell level left.
You didn't know any spells.
Your spell library was empty.

Dungeon Overview and Level Annotations

Branches:
Dungeon (3/15)

Altars:

Annotations:
D:2 Terence


Innate Abilities, Weirdness & Mutations

You are immune to poison.
Your flesh is cold resistant. (rC+)
You are immune to negative energy. (rN+++)
You are immune to unholy pain and torment.
You are vulnerable to heat. (rF-)
You are in touch with the powers of death.
You do not drink.
You have a special connection with the divine. (Faith)


Message History

You hit the hobgoblin.
You kill the hobgoblin!
You hit the kobold but do no damage. The kobold completely misses you.
You hit the kobold but do no damage. The kobold hits you but does no damage.
You barely miss the kobold. The kobold hits you with a +0 dagger.
* * * LOW HITPOINT WARNING * * *
You hit the kobold.
You kill the kobold!
You have reached level 2!
Things that are here:
a +0 dagger; 3 stones
Found 3 stones.
e - a scroll labelled GEOPPEGYCU A hobgoblin comes into view.
Found 19 gold pieces.
The hobgoblin shouts!
Found 5 stones.
An adder comes into view.
The adder hisses angrily.
The hobgoblin hits you.
* * * LOW HITPOINT WARNING * * *
You barely miss the hobgoblin. The hobgoblin barely misses you.
You hit the hobgoblin.
The hobgoblin is moderately wounded.
The hobgoblin hits you.
* * * LOW HITPOINT WARNING * * *
You hit the hobgoblin but do no damage.
The hobgoblin is moderately wounded.
The hobgoblin hits you but does no damage.
You hit the hobgoblin but do no damage.
The hobgoblin is moderately wounded.
You hit the adder but do no damage. The adder closely misses you.
The hobgoblin hits you.
* * * LOW HITPOINT WARNING * * *
The adder completely misses you.
You hit the hobgoblin but do no damage.
The hobgoblin is moderately wounded.
You hit the adder. The hobgoblin barely misses you. The adder misses you.
The hobgoblin hits you.
You die...

#### ..... .....
#######
......###...(...
....(.#.S.#
.......@###
......g.############
......#.....>.......
.^.$..#...#.).######
..... #.............
##### #...###.#..##.
##### .......
..###.. .## #


You could see an adder and a hobgoblin.

Vanquished Creatures
  An orc (D:2)
  An endoplasm (D:2)
  3 hobgoblins (D:2)
  A kobold (D:2)
6 creatures vanquished.

Notes
Turn   | Place    | Note
-------+----------+-------------------------------------------
     0 | D:1      | Khashishi the Mummy Monk began the quest for the Orb.
     0 | D:1      | Reached XP level 1. HP: 18/18 MP: 1/1
     1 | D:1      | You fall into a shaft and drop 1 floor!
    79 | D:2      | Noticed Terence
   109 | D:2      | Reached XP level 2. HP: 5/24 MP: 2/2
   122 | D:2      | HP: 1/24 [hobgoblin (4)]
   123 | D:2      | Slain by a hobgoblin

Illustrated notes

Levels and vault maps discovered:
D:1:      dpeg_arrival_boxorama, layout_loops_ring,
          chequers_serial_rivers_marsh, nicolae_grassy_gnolls
D:2:      layout_rooms, kennysheep_pointless_box, uniq_natasha, uniq_terence
D:3:      layout_rooms, serial_shops, shop, hangedman_decor_riveting,
          roderic_serpentine_path, uniq_robin

Action                     || total
---------------------------++-------
  Melee: Hand axe          ||    24
 Armour: Robe              ||    15
  Dodge: Dodged            ||    15

Table legend: (Time is in decaauts)
 A = Elapsed time spent in this place.
 B = Non-inter-level travel time spent in this place.
 C = Inter-level travel time spent in this place.
 D = Time resting spent in this place.
 E = Time spent auto-exploring this place.
 F = Levels seen in this place.
 G = Mean time per level.
                   A        B        C        D        E       F      G
               +--------+--------+--------+--------+--------+-----+--------+
         Total |    126 |    126 |      0 |      0 |      0 |   3 |   42.0 |
       Dungeon |    126 |    126 |      0 |      0 |      0 |   3 |   42.0 |
               +--------+--------+--------+--------+--------+-----+--------+

Top non-repeatable levels by time:
     D:2: 111 daAuts
     D:3: 13 daAuts
     D:1: 1 daAuts
